 Dungeon Crawl Stone Soup version 0.22-a0-458-gb446440 (webtiles) character file.

15953 4thArraOfDagon the Severer (level 12, 0/111 HPs)
             Began as a Hill Orc Fighter on June 8, 2018.
             Was a High Priest of the Shining One.
             Slain by a wyvern (4 damage)
             ... on level 15 of the Dungeon.
             The game lasted 00:33:08 (6013 turns).

4thArraOfDagon the Severer (Hill Orc Fighter)       Turns: 6013, Time: 00:33:09

Health: 0/111      AC: 22    Str: 20    XL:     12   Next: 32%
Magic:  15/18      EV: 12    Int: 12    God:    the Shining One [*****.]
Gold:   651        SH:  9    Dex: 10    Spells: 3/11 levels left

rFire    + . .     SeeInvis .   s - +2 morningstar (protect)
rCold    . . .     Gourm    .   (no shield)
rNeg     + + .     Faith    .   k - +1 scale mail {rF+}
rPois    .         Spirit   .   n - +2 hat
rElec    .         Reflect  .   (no cloak)
rCorr    .         Harm     .   F - +1 pair of gloves
MR       .....                  w - +1 pair of boots
Stlth    ..........             (no amulet)
HPRegen  0.28/turn              i - ring of flight
MPRegen  0.16/turn              m - ring of loudness

@: divine shield, protection aura, glowing
A: no striking features
a: Divine Shield, Cleansing Flame, Summon Divine Warrior, Renounce Religion,
Evoke Flight


You were on level 15 of the Dungeon.
You worshipped the Shining One.
The Shining One was extremely pleased with you.
You were not hungry.

You visited 3 branches of the dungeon, and saw 17 of its levels.
You also visited: Labyrinth, Ossuary and Bailey.

You collected 651 gold pieces.

Inventory:

Hand Weapons
 a - a +0 war axe
 l - a +0 war axe
 s - a +2 morningstar of protection (weapon)
 t - a +1 morningstar of holy wrath
Missiles
 E - 3 tomahawks of dispersal
 G - a throwing net (quivered)
Armour
 b - a +0 scale mail
 e - a +0 pair of gloves
 j - a +1 ring mail of positive energy
 k - a +1 scale mail of fire resistance (worn)
 n - a +2 hat (worn)
 w - a +1 pair of boots (worn)
 F - a +1 pair of gloves (worn)
Magical Staves
 d - an uncursed staff of wizardry {!a}
 y - an uncursed staff of earth
Jewellery
 i - a ring of flight (left hand)
 m - a ring of loudness (right hand)
Wands
 u - a wand of digging (17)
 A - a wand of iceblast (6)
 C - a wand of flame (14)
Scrolls
 c - 4 scrolls of remove curse
 g - 2 scrolls of amnesia
 o - 2 scrolls of silence
 r - 2 scrolls of enchant weapon
 v - 2 scrolls of fog
 x - a scroll of brand weapon
 z - a scroll of enchant armour
 H - a scroll of identify
Potions
 h - a potion of cancellation
 p - 3 potions of curing
 q - 3 potions of brilliance
Miscellaneous
 D - a fan of gales
Comestibles
 f - 12 rations
 B - 5 chunks of flesh


   Skills:
 + Level 11.7 Fighting
 * Level 16.4 Axes
 + Level 7.8 Armour
 + Level 5.2 Dodging
   Level 3.2 Shields
 * Level 1.2 Fire Magic
 + Level 8.3 Invocations


You had 3 spell levels left.
You knew the following spells:

 Your Spells              Type           Power        Failure   Level  Hunger
a - Ignition              Fire           #.........   100%        8    #######

Your spell library contained the following spells:

 Spells                   Type           Power        Failure   Level  Hunger
 Cause Fear               Hex            #.........   100%        4    #####..
 Fireball                 Conj/Fire      #.........   100%        5    ######.
 Bolt of Fire             Conj/Fire      #.........   100%        6    #######
 Slow                     Hex            #.......     77%         2    ###....
 Ring of Flames           Chrm/Fire      #.........   100%        7    #######
 Flame Tongue             Conj/Fire      #....        54%         1    ##.....
 Ignite Poison            Fire/Tmut/Pois #.......     91%         3    ####...
 Call Canine Familiar     Summ           #.......     94%         3    ####...
 Corona                   Hex            #......      63%         1    ##.....
 Portal Projectile        Hex/Tloc       #.....       94%         3    ####...
 Malign Gateway           Summ/Tloc      #.........   100%        7    #######
 Leda's Liquefaction      Hex/Erth       #.........   100%        4    #####..
 Inner Flame              Hex/Fire       #.......     89%         3    ####...
 Summon Guardian Golem    Hex/Summ       #.......     94%         3    ####...


Dungeon Overview and Level Annotations

Branches:
Dungeon (15/15)            Temple (1/1) D:6            Lair (0/6) D:8
    Orc (1/2) D:11
 Vaults: D:13-14     Depths: D:15

Altars:
Ashenzari
Cheibriados
Dithmenos
Elyvilon
Fedhas
Gozag
Hepliaklqana
Kikubaaqudgha
Nemelex Xobeh
Okawaru
Sif Muna
Trog
Uskayaw
Vehumet
Wu Jian
Xom
The Shining One
Beogh

Shops:
D:13 *

Portals:
Trove: D:13 (give +6 fire dragon scales)

Annotations:
D:3 Terence
D:9 1 runed door


Message History

The wyvern bites you!
* * * LOW HITPOINT WARNING * * *
Unknown command.
The centaur warrior zombie closely misses you.
The centaur warrior zombie barely misses you.
Unknown command.
The wyvern closely misses you.
Unknown command.
The wyvern closely misses you.
Unknown command.
A divine shield forms around you!
You feel slightly more hungry.
The crimson imp shouts, "Scamper hence, thou feckless roguish fustilarian!"
The wyvern bites you but does no damage.
You hit the wyvern.
Your weapon exudes an aura of protection.
The wyvern is lightly wounded.
The wyvern bites you!
* * * LOW HITPOINT WARNING * * *
The wyvern bites you.
You die...

........# ........# ..#
......).# ..# ........#
#.# ........#......#.#
......<.#......+.#
........#......#.#
......5.#......#.#
........#......#@#
......§.#......#l#
.......o#......+5######..
........'...####Zo.......
........###'#[§........§.
............[<..........§
[.....##########......§..
......# #.......§#
......# ##......§§


You could see an orc knight, a wyvern, a crimson imp and a centaur warrior
zombie.

Vanquished Creatures
  A two-headed ogre (D:13)
  An unseen horror (D:11)
  An ugly thing (D:13)
  3 kobold demonologists (D:13)
  A queen bee (shapeshifter) (D:13)
  A troll (D:14)
  2 hornets
  2 slime creatures (D:12)
  A hippogriff (D:13)
  A shadow (D:11)
  A wraith (D:11)
  3 humans
  A wyvern (D:13)
  4 hungry ghosts
  10 yaks
  A steam dragon (D:13)
  5 vampire mosquitoes (D:13)
  Menkaure (D:6)
  A warg (D:11)
  A two-headed ogre zombie (D:11)
  2 soldier ants (D:13)
  9 orc warriors
  3 sky beasts
  2 ice beasts
  2 phantoms
  3 ogres
  3 centaurs
  2 big kobolds
  2 crocodiles
  3 bullfrogs
  4 elf zombies (Ossuary)
  2 wyvern zombies (D:13)
  2 water moccasin zombies
  2 scorpions
  A troll zombie (D:11)
  3 killer bees (D:9)
  4 wights (D:13)
  7 crimson imps
  6 centaur zombies
  A quasit (D:8)
  2 orc priests
  4 human zombies (Ossuary)
  4 jellies
  A gnoll shaman (D:6)
  7 hounds
  A bullfrog skeleton (D:8)
  7 orc wizards
  5 iguanas
  9 worker ants
  6 ogre zombies (D:11)
  3 hound skeletons
  3 mummies (Ossuary)
  3 worker ant zombies
  7 gnolls
  6 adders
  2 shadow imps
  2 adder zombies (D:6)
  2 leopard geckos
  40 orcs
  A ball python (D:3)
  4 giant cockroaches
  5 goblins
  A hobgoblin (D:3)
  2 jackals
  3 quokkas
  2 bats (D:2)
  2 goblin skeletons (D:11)
  A goblin zombie (D:11)
  2 hobgoblin zombies (D:11)
  10 kobolds
  3 orc skeletons (D:11)
  17 orc zombies (D:11)
  A quokka skeleton (D:8)
  A quokka zombie (D:8)
  A rat (D:3)
  A rat zombie (D:8)
276 creatures vanquished.

Vanquished Creatures (collateral kills)
  A minotaur (Lab)
  An orc knight (Bailey)
  An ugly thing (D:12)
  A centaur skeleton (D:12)
  A gargoyle (D:12)
  A freezing wraith (D:15)
  2 slime creatures (D:12)
  5 orc warriors (Bailey)
  A crimson imp (D:15)
  A gnoll (Bailey)
  A goblin (Bailey)
  6 kobolds (Bailey)
22 creatures vanquished.

Vanquished Creatures (others)
  The ghost of zard0z the Covert, a novice SpEn of Kikubaaqudgha (D:9)
  A human (D:12)
  A fungus (D:5)
3 creatures vanquished.

Grand Total: 301 creatures vanquished

Notes
Turn   | Place    | Note
-------+----------+-------------------------------------------
     0 | D:1      | 4thArraOfDagon the Hill Orc Fighter began the quest for the Orb.
     0 | D:1      | Reached XP level 1. HP: 19/19 MP: 1/1
    13 | D:1      | 4thArraOfDagon: https://legowelt.bandcamp.com/track/clandestine-convention
   119 | D:2      | Found an ancient bone altar of Kikubaaqudgha.
   190 | D:3      | Noticed Terence
   227 | D:3      | Found a blossoming altar of Fedhas.
   284 | D:3      | Reached skill level 3 in Axes
   291 | D:3      | Reached XP level 2. HP: 15/27 MP: 2/2
   347 | D:4      | Found a white marble altar of Elyvilon.
   361 | D:4      | Reached skill level 4 in Axes
   361 | D:4      | Reached XP level 3. HP: 14/33 MP: 3/3
   392 | D:5      | Entered Level 5 of the Dungeon
   525 | D:6      | Reached skill level 5 in Axes
   525 | D:6      | Reached XP level 4. HP: 20/41 MP: 4/4
   548 | D:6      | Noticed a centaur
   558 | D:6      | Killed a centaur
   558 | D:6      | Reached skill level 5 in Fighting
   558 | D:6      | Reached skill level 6 in Axes
   558 | D:6      | Reached XP level 5. HP: 17/48 MP: 5/5
   585 | D:6      | Found a staircase to the Ecumenical Temple.
   594 | Temple   | Entered the Ecumenical Temple
   618 | Temple   | Became a worshipper of the Shining One
   689 | D:6      | Reached XP level 6. HP: 34/56 MP: 6/6
   831 | D:4      | Reached skill level 7 in Axes
   878 | D:4      | Noticed a phantom
   946 | D:4      | Killed a phantom
  1017 | D:3      | Sergey: melody is nice
  1090 | D:4      | Sergey: I prefer to listen something with words
  1167 | D:5      | Noticed a phantom
  1172 | D:5      | Reached XP level 7. HP: 54/63 MP: 7/7
  1185 | D:5      | Reached skill level 8 in Axes
  1302 | D:6      | Reached skill level 9 in Axes
  1324 | D:6      | Noticed Menkaure
  1324 | D:6      | Reached * piety under the Shining One
  1332 | D:6      | Killed Menkaure
  1332 | D:6      | Reached XP level 8. HP: 42/73 MP: 8/8
  1355 | D:6      | Reached skill level 10 in Axes
  1637 | D:7      | Reached skill level 11 in Axes
  1734 | D:7      | Found a sparkling altar of Nemelex Xobeh.
  1757 | D:7      | Reached ** piety under the Shining One
  1844 | D:8      | Reached skill level 12 in Axes
  1844 | D:8      | Reached XP level 9. HP: 55/82 MP: 9/9
  1855 | D:8      | Found a staircase to the Lair.
  1873 | D:8      | Found a sand-covered staircase.
  1883 | Ossuary  | Entered an ossuary
  1979 | Ossuary  | Reached *** piety under the Shining One
  1999 | Ossuary  | Reached skill level 1 in Invocations
  2059 | D:8      | Reached skill level 1 in Dodging
  2194 | D:9      | Found a radiant altar of Vehumet.
  2216 | D:9      | Noticed zard0z's ghost (novice SpEn)
  2231 | D:9      | Killed zard0z's ghost
  2231 | D:9      | Reached skill level 13 in Axes
  2388 | D:9      | Found a runed door.
  2403 | D:10     | Entered Level 10 of the Dungeon
  2446 | D:10     | Noticed a hornet
  2460 | D:10     | Paralysed by a hornet for 1 turns
  2464 | D:10     | Paralysed by a hornet for 2 turns
  2466 | D:10     | Killed a hornet
  2585 | D:10     | Noticed a two-headed ogre
  2661 | D:9      | Reached XP level 10. HP: 81/91 MP: 12/12
  2748 | D:10     | Noticed a two-headed ogre
  2854 | D:11     | Noticed an unseen horror
  2895 | D:11     | Reached **** piety under the Shining One
  2970 | D:11     | Reached skill level 5 in Armour
  3002 | D:11     | Found a staircase to the Orcish Mines.
  3003 | D:11     | Reached ***** piety under the Shining One
  3011 | D:11     | Reached skill level 10 in Fighting
  3018 | D:11     | Reached skill level 14 in Axes
  3071 | D:11     | Identified Sif Muna's Reference Book on Supportive Heat
  3240 | D:10     | Noticed a two-headed ogre
  3345 | D:11     | Noticed an unseen horror
  3357 | D:11     | Killed an unseen horror
  3357 | D:11     | Reached skill level 5 in Invocations
  3391 | D:12     | Noticed a brown ugly thing
  3391 | D:12     | Noticed a gargoyle
  3827 | Orc:1    | Entered Level 1 of the Orcish Mines
  3885 | D:12     | Reached XP level 11. HP: 101/101 MP: 12/15
  3941 | D:13     | Noticed a two-headed ogre
  3951 | D:13     | Killed a two-headed ogre
  3951 | D:13     | Reached skill level 15 in Axes
  4076 | D:13     | Found a roughly hewn altar of Beogh.
  4077 | D:13     | Found Geuxit's Elemental Accessories.
  4081 | D:13     | Noticed an eight-headed hydra
  4098 | D:13     | Found a flagged portal.
  4107 | Bailey   | Entered a bailey
  4117 | Bailey   | Noticed an orc knight
  4119 | Bailey   | bad layout
  4249 | Bailey   | Killed an orc knight
  4352 | Bailey   | :(
  4356 | Bailey   | :(
  4389 | Bailey   | 4thArraOfDagon: this bailey extremly bad
  4391 | Bailey   | 4thArraOfDagon: no exp, no items
  4391 | Bailey   | Sergey: world is pain
  4391 | Bailey   | 4thArraOfDagon: just wasted turns and resources
  4529 | D:13     | Sergey: why you skipped battleaxe >
  4532 | D:13     | Sergey: ?
  4589 | D:13     | Found a shimmering altar of Xom.
  4597 | D:13     | Paralysed by a hornet for 3 turns
  4650 | D:13     | Found a portal to a secret trove of treasure.
  4697 | D:13     | Sergey: and trove :/
  4767 | D:13     | 4thArraOfDagon: plain battleaxe not so good :/
  4804 | D:14     | Noticed a tengu warrior
  4804 | D:14     | Noticed a cyan ugly thing
  4804 | D:14     | Noticed a cyan ugly thing
  4804 | D:14     | Noticed a cyan ugly thing
  4804 | D:14     | Noticed a cyan ugly thing
  4804 | D:14     | Noticed a cyan ugly thing
  4804 | D:14     | Noticed a two-headed ogre
  4812 | D:13     | Killed a purple ugly thing
  4981 | D:14     | Found a shimmering altar of Xom.
  4986 | D:14     | Noticed a cyclops
  4991 | D:14     | Noticed a cyclops
  4994 | D:14     | Noticed a white ugly thing
  5169 | D:13     | Noticed a sun demon
  5176 | D:13     | Reached skill level 16 in Axes
  5176 | D:13     | Reached XP level 12. HP: 50/110 MP: 17/17
  5326 | D:12     | Reached skill level 5 in Dodging
  5536 | D:15     | Entered Level 15 of the Dungeon
  5558 | D:15     | Found a labyrinth entrance.
  5598 | Lab      | Entered a labyrinth
  5604 | Lab      | last hope
  5787 | Lab      | Noticed a minotaur
  5795 | Lab      | Killed a minotaur
  5823 | Lab      | easy win
  5832 | Lab      | Learned a level 8 spell: Ignition
  5846 | D:15     | :(
  5930 | D:14     | Reached skill level 1 in Fire Magic
  6013 | D:15     | HP: 4/111 [wyvern (15)]
  6013 | D:15     | Slain by a wyvern

Vault maps used:
D:1:      dpeg_arrival_tiny_a, minmay_distorted
D:2:      kiku_gazebo_pond_becter
D:3:      overflow_temple_1_default, minitemple, first_ration, uniq_terence,
          uniq_crazy_yiuf_cottage
D:4:      cheibrodos_old_hovel, elyvilon_altar_4
D:5:      serial_aquarium, aquarium_bridge_island_small, aquarium_bridge_square,
          aquarium_window_1, aquarium_window_1, aquarium_view_2b,
          water_maze_lemuel, uniq_pikel
D:6:      minmay_temple_entry_poolview, uniq_menkaure
D:7:      lemuel_crystal_altar, grunt_livestock
D:8:      lair_entry_dummy, enter_ossuary_4
D:9:      fiery_altar_vehumet, kennysheep_mini_moat,
          nicolae_ru_great_annihilating_truth, serial_shops, shop,
          minmay_st_funbox
D:11:     zombieorc2_lemuel, due_unseen_surprise
D:12:     slaughterhouse
D:13:     david_vaults_5, enter_bailey_2, basic_altar, enter_trove_3,
          special_room, nicolae_elemental_shop
D:14:     minivault_19, hex_large, brannock_xom_greatest_gift
D:15:     grunt_enter_depths_giant_problem, corexii_corridor_pit, serial_glass,
          glass_columns_b, glass_columns_b, lab_entry_generic, uniq_sonja,
          uniq_nessos
Temple:   minmay_temple_bridge_abc
Orc:1:    cheibrodos_orc_guarddog, serial_shops, shop, shop, shop,
          nicolae_shop_overgrown_old_shop, nicolae_shop_crystal
Lab:      nicolae_lab_dead_adventurers, nicolae_lab_stuck
Ossuary:  ossuary_minmay_four_chambers
Bailey:   bailey_axe_4, bailey

Skill      XL: |  1  2  3  4  5  6  7  8  9 10 11 12 |
---------------+-------------------------------------+-----
Axes           | 3 4 5 6 7 9 12 13 14 16 | 16.4
Fighting       | 4 5 6 7 8 9 10 11 | 11.7
Invocations    | 3 5 7 8 |  8.3
Dodging        | 2 3 4 5 |  5.2
Armour         | 4 5 7 |  7.8
Fire Magic     | 1 |  1.2
Shields        | |  3.2

Action                   |  1- 3 |  4- 6 |  7- 9 | 10-12 || total
-------------------------+-------+-------+-------+-------++-------
Melee: War axe           |    23 |   133 |   307 |   277 ||   740
       Morningstar       |       |       |       |   247 ||   247
Throw: Throwing net      |       |       |     2 |     2 ||     4
Invok: Divine Shield     |       |       |     1 |    12 ||    13
       Summon Divine War |       |       |       |     5 ||     5
 Abil: Evoke Flight      |       |       |       |     1 ||     1
Evoke: Wand              |     7 |     2 |     4 |       ||    13
  Use: Scroll            |     4 |       |     6 |    13 ||    23
       Potion            |     1 |     1 |     3 |    10 ||    15
  Eat: Chunk             |       |     1 |     5 |     3 ||     9
       Ration            |       |       |     1 |     6 ||     7
Armor: Scale mail        |    25 |    63 |   148 |   253 ||   489
       Skin              |       |       |       |    21 ||    21
       Ring mail         |       |       |       |    21 ||    21
Dodge: Dodged            |    21 |    66 |   138 |   369 ||   594
Block: Other             |       |       |     2 |    79 ||    81

Table legend:
 A = Spawn XP
 B = Non-spawn XP
 C = Spawn XP percentage of total XP
 D = Spawn monster count
 E = Non-spawn monster count
 F = Spawn count percentage of total count
 G = Total turns spent on level
                    A         B        C        D         E        F      G
               +---------+---------+-------+---------+---------+-------+---------
         Total |       0 |   22790 |   0.0 |       0 |     299 |   0.0 |  6013
               +---------+---------+-------+---------+---------+-------+---------
           D:2 |       0 |       3 |   0.0 |       0 |       3 |   0.0 |   166
           D:3 |       0 |      19 |   0.0 |       0 |      10 |   0.0 |   241
           D:4 |       0 |     262 |   0.0 |       0 |      16 |   0.0 |   289
           D:5 |       0 |     249 |   0.0 |       0 |       6 |   0.0 |   245
           D:6 |       0 |     983 |   0.0 |       0 |      24 |   0.0 |   465
           D:7 |       0 |     685 |   0.0 |       0 |      16 |   0.0 |   263
           D:8 |       0 |     661 |   0.0 |       0 |      19 |   0.0 |   309
           D:9 |       0 |     759 |   0.0 |       0 |      13 |   0.0 |   405
          D:10 |       0 |     683 |   0.0 |       0 |       8 |   0.0 |   472
          D:11 |       0 |    3701 |   0.0 |       0 |      56 |   0.0 |   661
          D:12 |       0 |    3242 |   0.0 |       0 |      28 |   0.0 |   495
          D:13 |       0 |    7280 |   0.0 |       0 |      49 |   0.0 |   973
          D:14 |       0 |     356 |   0.0 |       0 |       4 |   0.0 |   102
          D:15 |       0 |    1068 |   0.0 |       0 |       6 |   0.0 |   174
           Lab |       0 |     860 |   0.0 |       0 |       1 |   0.0 |   236
       Ossuary |       0 |     789 |   0.0 |       0 |      15 |   0.0 |   123
        Bailey |       0 |    1190 |   0.0 |       0 |      25 |   0.0 |   286
               +---------+---------+-------+---------+---------+-------+---------
